 Dungeon Crawl Stone Soup version 0.18.1-50-g88ac8fd (webtiles) character file.

23 Nordron the Firebug (level 2, -9/15 HPs)
             Began as a Gargoyle Fire Elementalist on Sept 27, 2016.
             Killed from afar by Robin (13 damage)
             ... with a wand of flame
             ... on level 2 of the Dungeon.
             The game lasted 00:03:01 (825 turns).

Nordron the Firebug (Gargoyle Fire Elementalist)     Turns: 825, Time: 00:03:01

Health: -9/15      AC:  4    Str: 11    XL:     2   Next: 95%
Magic:  1/5        EV: 12    Int: 15    God:
Gold:   56         SH:  0    Dex: 10    Spells: 1 memorised, 5 levels left

rFire  . . .     SeeInvis .     d - +0 whip
rCold  . . .     Gourm    .     a - +0 robe
rNeg   + . .     Faith    .     (no shield)
rPois  ∞         Spirit   .     (no helmet)
rElec  +         Dismiss  .     (no cloak)
rCorr  .         Reflect  .     (no gloves)
SustAt .         Harm     .     (no boots)
MR     .....                    (no amulet)
Stlth  ++........               (no ring)
                                (no ring)

@: very slightly contaminated, not resistant to hostile enchantments, unstealthy
A: negative energy resistance 1, electricity resistance, unbreathing,
petrification resistance, rot immunity, AC +2
a: no special abilities


You were on level 2 of the Dungeon.
You were not hungry.

You visited 1 branch of the dungeon, and saw 2 of its levels.

You collected 56 gold pieces.

Inventory:

Hand Weapons
 d - a +0 whip (weapon)
Armour
 a - a +0 robe (worn)
 i - a cursed +0 leather armour
Jewellery
 j - a +3 ring of dexterity {unknown}
Scrolls
 f - a scroll of fog {unknown}
 g - a scroll of enchant weapon {unknown}
 h - 2 scrolls of identify {unknown}
 k - 2 scrolls of enchant armour {unknown}
Potions
 e - a potion of lignification {unknown}
Books
 b - a book of Flames

   Spells                             Type                      Level
   a - Flame Tongue                   Conjuration/Fire             1
   b - Throw Flame                    Conjuration/Fire             2
   c - Conjure Flame                  Conjuration/Fire             3
   d - Inner Flame                    Hexes/Fire                   3
   e - Sticky Flame                   Conjuration/Fire             4
   f - Fireball                       Conjuration/Fire             5
Comestibles
 c - 3 bread rations


   Skills:
 - Level 1.5 Dodging
 - Level 2.1 Stealth
 * Level 2.6 Spellcasting
 + Level 1.5 Conjurations
 + Level 3.3 Fire Magic


You had 5 spell levels left.
You knew the following spells:

 Your Spells              Type           Power        Failure   Level  Hunger
a - Flame Tongue          Conj/Fire      #....        10%         1    #......


Dungeon Overview and Level Annotations

Branches:
Dungeon (2/15)

Altars:

Annotations:
D:2 Robin


Innate Abilities, Weirdness & Mutations

You are resistant to torment.
Your stone body is resilient (AC +2).
You are immune to poison.
You resist negative energy.
You are resistant to electric shocks.
You can survive without breathing.
You are immune to petrification.
You are immune to rotting.


Message History

The goblin is heavily wounded.
The goblin misses you.
A goblin comes into view.
Casting: Flame Tongue
Confirm with . or Enter, or press ? or * to list all spells.
Aiming: Flame Tongue
Press: ? - help, Shift-Dir - straight line, f/p - goblin
Aim: a goblin (heavily wounded, unusually strong)
The flame tongue hits the goblin.
You kill the goblin!
Robin says, "My goblins will feast on your bones."
Robin zaps a wand.
The puff of flame hits you!
* * * LOW HITPOINT WARNING * * *
It is a wand of flame.
Robin throws the goblin at you! The goblin hits you but does no damage.
Robin roars a battlecry!
The goblin goes into a battle-frenzy!
Robin zaps a wand.
The puff of flame hits you!
Ouch! That really hurt!
You die...

### ####.#
#...#)#
##.#####.g###gg
#........## #...
.####....# ####
###.)##.#
#..@g.##.# #
#.#...# ##
#.##.#...####
##...........#
...##...#.##.#
........#... ..
...###..####.#...
## #.......# ..
#...##### .


You could see Robin and a goblin.

Vanquished Creatures
  11 goblins
  3 kobolds (D:1)
  A ball python (D:1)
  3 bats
  3 rats (D:1)
21 creatures vanquished.

Notes
Turn   | Place    | Note
--------------------------------------------------------------
     0 | D:1      | Nordron the Gargoyle Fire Elementalist began the quest for the Orb.
     0 | D:1      | Reached XP level 1. HP: 10/10 MP: 3/3
   322 | D:1      | Reached XP level 2. HP: 13/15 MP: 0/5
   798 | D:2      | Noticed Robin
   825 | D:2      | Killed from afar by Robin

Action                   || total
-------------------------++-------
Melee: Club              ||    16
       Unarmed           ||     1
       Whip              ||    18
 Cast: Flame Tongue      ||    22
Armor: Robe              ||    15
Dodge: Dodged            ||    37
